019, lawful female dwarven Valkyrie ------ --------- ------- |.{..| |.......| -------#########`+.....| ##-.....#####|...>...| |.....|# |.....| ------- # |..%.| #|.......| |.....|# #-.....| |.{...-#####|....| #|.......| |.....|# ###|.....| |.....| # #|....| #|.......| |.....|##########-.....| |..... #--.--- #+.......| |.._..-######## |.....| |.....| ############-.---.--- -----|-# ------- --+-+-- #######################B@################## # # ### ` # ### # # ############ # # # -+------######## #### ## # |......| --|------ --.--# |.<.....#####|.......| |.._|# |......| #........| |...-# -------- ###|.......| |.%.| # --------- |...-##################### ----- 019 the Skirmisher Experience level: 4 Strength: 18/02 Dexterity: 9 Constitution: 20 Intelligence: 9 Wisdom: 3 Charisma: 11 Health: 0(57) Energy: 1(1) Def: 6 Gold: 616 Moves: 2111 Dungeon seed: Xx8s6MWUw7pJkMdY Game ID: 019_1587345202 Your Inventory: Coins $ - 616 gold pieces Amulets l - a cursed amulet of ESP Weapons a - a blessed +1 long sword (weapon in hand) b - a +0 dagger Armor e - an uncursed burnt +3 small shield (being worn) n - an uncursed +0 ring mail (being worn) Comestibles c - an uncursed food ration j - 2 cursed melons v - an uncursed pancake Scrolls D - 3 uncursed scrolls of blank paper Spellbooks o - an uncursed spellbook of light Potions g - an uncursed potion of oil Wands h - a wand of light (0:11) C - a wand of secret door detection (0:14) Gems q - an uncursed worthless piece of yellow glass r - an uncursed worthless piece of yellowish brown glass y - a cursed loadstone (in quiver) Spells and supernatural/magical abilities: Name Level Category Fail Memory l - light 1 divination 100% 96% W - pray for help -- divine ? -- Your skills at the end: Fighting Skills Weapon Skills dagger [Basic] long sword [Basic] Spellcasting Skills Final Attributes: You were piously aligned. You were cold resistant. You had infravision. You were stealthy. You were unlucky. Tyr was angry with you. You are dead. Vanquished creatures: a shrieker a paper golem 6 rothes 4 dwarf zombies an iguana an acid blob 4 giant rats 2 cave spiders a brown mold a fox a goblin 2 sewer rats a lichen 4 newts 30 creatures vanquished. Voluntary challenges: You used a wielded weapon 39 times, starting on turn 58. You read items or engraved 4 times, starting on turn 638. You never genocided any monsters. You never polymorphed an object. You never changed form. You used no wishes. You never split a pudding. You never wrote Elbereth's name. You violated your moral code, losing 5 points of alignment, starting on turn 1572. Dungeon overview: The Dungeons of Doom: levels 1 to 6 Level 1 a fountain a long staircase Level 2 a fountain a long staircase Level 3 a fountain Level 4 Level 5 Level 6 <- You were here some altars to Tyr, Odin, and Loki, some fountains History has recorded: On T:1 you entered the Dungeons of Doom to retrieve the Amulet of Yendor! On T:37 you reached level 2 of The Dungeons of Doom. On T:127 you reached level 3 of The Dungeons of Doom. On T:439 you reached level 4 of The Dungeons of Doom. On T:470 you advanced to experience level 2. On T:1166 you reached level 5 of The Dungeons of Doom. On T:1508 you reached level 6 of The Dungeons of Doom. On T:1561 you advanced to experience level 3. On T:1764 you advanced to experience level 4. Score breakdown: Gold: 616 ( 9491 points) Experience: 4 levels ( 9649 points) Exploration: 6 levels ( 12.00%) ( 9583 points) Discoveries: 7 items ( 2.85%) ( 5060 points) Valuables value: (no points given unless you survive) Artifact value: 0 ( 0 points) Variety of kills: 14 monsters ( 3.67%) ( 5750 points) Turncount: 2111 turns ( -80 points) Survival: died (score multiplied by 80%) Total score: 31562 Latest messages: 2 rothe corpses land on the altar. Your movements are now unencumbered. Nothing happens. You see here 2 rothe corpses. The giant bat bites! You miss the giant bat. The giant bat bites! (2x) You are beginning to feel hungry. You miss the giant bat. The giant bat bites! You miss the giant bat. The giant bat bites! (2x) You miss the giant bat. You see here 2 rothe corpses. The giant bat bites! You miss the giant bat. The giant bat bites! The giant bat misses. You hit the giant bat! The giant bat bites! You die... Final status: Farvel 019 the Valkyrie, killed by a giant bat... You died in The Dungeons of Doom on dungeon level 6 with 31562 points, and 616 pieces of gold, after 2111 moves. You were level 4 with a maximum of 57 hit points when you died.